 Dungeon Crawl Stone Soup version 0.20-a0-502-g555d78b (webtiles) character file.

171 Kurtz the Chopper (level 5, -15/38 HPs)
             Began as a Mummy Gladiator on Jan 20, 2017.
             Was an Initiate of Qazlal.
             Demolished by an orc
             ... wielding a +0 hand axe of electrocution
              (19 damage)
             ... on level 3 of the Dungeon.
             The game lasted 00:02:51 (2374 turns).

Kurtz the Chopper (Mummy Gladiator)                 Turns: 2374, Time: 00:02:52

Health: -15/38     AC: 11    Str: 17    XL:     5   Next: 26%
Magic:  5/5        EV:  7    Int:  8    God:    Qazlal [......]
Gold:   117        SH:  0    Dex: 14    Spells: 4/4 levels left

rFire    x . .     SeeInvis .   a - +0 war axe
rCold    + . .     Gourm    .   s - +0 chain mail
rNeg     + + +     Faith    .   (no shield)
rPois    ∞         Spirit   .   c - +0 helmet
rElec    .         Reflect  .   l - +0 cloak
rCorr    .         Harm     .   (no gloves)
MR       .....                  i - +0 pair of boots
Stlth    ..........             q - amulet of magic regeneration
Regen    0.2/turn               (no ring)
                                (no ring)

@: no status effects
A: no food or potions, fire vulnerability, cold resistance 1, negative energy
resistance 3, torment resistance, unbreathing
a: Renounce Religion


You were on level 3 of the Dungeon.
You worshipped Qazlal.
Qazlal was noncommittal.
You were not hungry.

You visited 1 branch of the dungeon, and saw 3 of its levels.

You collected 117 gold pieces.

Inventory:

Hand Weapons
 a - a +0 war axe (weapon)
 o - a +0 blowgun
Missiles
 d - a throwing net (quivered)
 f - 3 javelins of returning
 p - 18 poisoned needles
 r - 5 tomahawks
Armour
 b - a +0 leather armour
 c - a +0 helmet (worn)
 g - a +0 ring mail
 i - a +0 pair of boots (worn)
 l - a +0 cloak (worn)
 s - a +0 chain mail (worn)
Jewellery
 q - an amulet of magic regeneration (around neck)
Wands
 k - a wand of lightning (5/15)
Scrolls
 e - 2 scrolls of identify {unknown}
 j - a scroll of remove curse {unknown}
 m - a scroll of fog {unknown}
 n - a scroll of enchant weapon {unknown}
Books
 h - a book of the Tempests

   Spells                             Type                      Level
   a - Static Discharge               Conjuration/Air              3
   b - Lightning Bolt                 Conjuration/Air              5
   c - Fireball                       Conjuration/Fire             5
   d - Tornado                        Air                          9
   e - Shatter                        Earth                        9


   Skills:
 - Level 2.0 Fighting
 * Level 4.8 Axes
 * Level 1.9 Throwing
 - Level 2.4 Dodging
 * Level 0.5 Invocations


You had 4 spell levels left.
You didn't know any spells.

Dungeon Overview and Level Annotations

Branches:
Dungeon (3/15)

Altars:
Qazlal


Innate Abilities, Weirdness & Mutations

You do not eat or drink.
Your flesh is vulnerable to fire.
You are immune to poison.
Your flesh is cold resistant. (rC+)
You are immune to negative energy. (rN+++)
You are immune to unholy pain and torment.
You can survive without breathing.


Message History

You are electrocuted!
* * * LOW HITPOINT WARNING * * *
Unknown command.
You are too injured to fight recklessly!
You barely miss the orc. The orc closely misses you.
The orc hits you but does no damage.
Unknown command.
Throwing (i - inventory. (,) - cycle):
d - 3 throwing nets (quivered)
Press: ? - help, Shift-Dir - straight line, f - orc
Aim: an orc, wielding a hand axe of electrocution You throw a throwing net.
The throwing net closely misses the orc.
Throwing (i - inventory. (,) - cycle):
d - 2 throwing nets (quivered)
Press: ? - help, Shift-Dir - straight line, f/p - orc
Aim: an orc, wielding a hand axe of electrocution You throw a throwing net.
The throwing net closely misses the orc.
The orc hits you but does no damage.
You are electrocuted!
Ouch! That really hurt!
You die...

.. .. #'#
#.# ##.#####
#(.....
##o).##
#.@...#
##!..##
###.####..##
..........#
###.#####.#
#.# #.# #)#
###.######


You could see an orc.

Vanquished Creatures
  A worker ant (D:3)
  A gnoll (D:3)
  6 adders
  2 oozes (D:1)
  3 dart slugs
  3 leopard geckos
  3 orcs (D:3)
  3 bats (D:1)
  4 giant cockroaches
  9 goblins
  4 hobgoblins
  7 jackals (D:1)
  A ball python (D:2)
  3 frilled lizards
  10 kobolds
  5 rats
65 creatures vanquished.

Notes
Turn   | Place    | Note
-------+----------+-------------------------------------------
     0 | D:1      | Kurtz the Mummy Gladiator began the quest for the Orb.
     0 | D:1      | Reached XP level 1. HP: 16/16 MP: 1/1
    61 | D:1      | Reached XP level 2. HP: 15/22 MP: 2/2
   121 | D:1      | Reached skill level 3 in Axes
   451 | D:1      | Reached XP level 3. HP: 15/27 MP: 3/3
  1295 | D:2      | Reached skill level 4 in Axes
  1295 | D:2      | Reached XP level 4. HP: 22/33 MP: 4/4
  1648 | D:2      | Found a stormy altar of Qazlal.
  1795 | D:2      | Became a worshipper of Qazlal Stormbringer
  2243 | D:3      | Reached XP level 5. HP: 27/38 MP: 5/5
  2374 | D:3      | Demolished by an orc

Vault maps used:
D:1:      dpeg_arrival_court, dk_noncrumbling_4, grunt_decor_mini_mirrors
D:2:      lemuel_coloured_pillars_altar

Skill      XL: |  1  2  3 |
---------------+----------+-----
Axes           | 3 4 |  4.8
Fighting       | |  2.0
Throwing       | |  1.9
Dodging        | |  2.4
Invocations    | |  0.5

Action                   |  1- 3 |  4- 6 || total
-------------------------+-------+-------++-------
Melee: War axe           |   106 |    88 ||   194
Throw: Throwing net      |       |     2 ||     2
Armor: Leather armour    |    14 |       ||    14
       Ring mail         |    37 |    19 ||    56
       Chain mail        |       |    27 ||    27
Dodge: Dodged            |    90 |    45 ||   135
